 Dungeon Crawl Stone Soup version 0.24.0-37-gcf1ca852f1 (webtiles) character file.

Game seed: 6934064051859161408, levelgen mode: deterministic

792 theswoord the Cruncher (level 7, -9/50 HPs)
             Began as a Demonspawn Gladiator on Nov 23, 2019.
             Was a Follower of Kikubaaqudgha.
             Mangled by a large abomination (27 damage)
             ... on level 1 of the Abyss.
             The game lasted 00:09:39 (4310 turns).

theswoord the Cruncher (Demonspawn Gladiator)       Turns: 4310, Time: 00:09:41

Health: -9/50      AC: 14    Str: 16    XL:     7   Next: 57%
Magic:  7/7        EV: 10    Int:  9    God:    Kikubaaqudgha [*.....]
Gold:   241        SH:  0    Dex: 17    Spells: 5/6 levels left

rFire    . . .     SeeInvis .   a - +1 quarterstaff
rCold    . . .     Gourm    .   (shield currently unavailable)
rNeg     . . .     Faith    .   l - +0 scale mail
rPois    .         Spirit   .   c - +1 helmet
rElec    .         Reflect  .   (no cloak)
rCorr    .         Harm     .   n - +2 pair of gloves
MR       .....                  (no boots)
Stlth    ..........             q - amulet of rage
HPRegen  0.16/turn              h - +2 ring of dexterity
MPRegen  0.10/turn              v - +3 ring of slaying

@: very slow
A: icy blue scales 2, spiny 2
a: Receive Corpses, Renounce Religion, Evoke Berserk Rage


You were on level 1 of the Abyss.
You worshipped Kikubaaqudgha.
Kikubaaqudgha was aware of your devotion.
You were not hungry.

You visited 1 branch of the dungeon, and saw 5 of its levels.
You visited the Abyss 1 time.

You collected 241 gold pieces.

Inventory:

Hand Weapons
 a - a +1 quarterstaff (weapon)
Missiles
 d - 4 throwing nets
 j - 7 atropa-tipped darts
 u - 16 poisoned darts (quivered)
Armour
 b - a +0 leather armour
 c - a +1 helmet (worn)
 l - a +0 scale mail (worn)
 n - a +2 pair of gloves (worn)
Jewellery
 h - a +2 ring of dexterity (left hand)
 q - an amulet of rage (around neck)
 v - a +3 ring of slaying (right hand)
 w - an uncursed ring of wizardry {unknown}
Wands
 r - a wand of scattershot (6)
Scrolls
 e - 5 scrolls of identify
 g - 2 scrolls of fear
 i - 2 scrolls of enchant weapon
 k - a scroll of amnesia
Potions
 m - 4 potions of brilliance
 s - 3 potions of curing
 t - a potion of cancellation
Comestibles
 f - 9 rations
 p - 5 chunks of flesh


   Skills:
 - Level 2.0 Fighting
 + Level 8.3 Staves
 - Level 1.7 Throwing
 - Level 2.6 Dodging


You had 5 spell levels left.
You knew the following spells:

 Your Spells              Type           Power        Failure   Level  Hunger
a - Pain                  Necr           #...         83%         1    ##.....

Your spell library contained the following spells:

 Spells                   Type           Power        Failure   Level  Hunger
 Summon Small Mammal      Summ           #...         83%         1    ##.....
 Call Imp                 Summ           #.......     93%         2    ###....
 Corpse Rot               Necr           N/A          93%         2    ###....
 Sublimation of Blood     Necr           #.........   93%         2    ###....
 Call Canine Familiar     Summ           #.......     99%         3    ####...
 Summon Guardian Golem    Hex/Summ       #.......     99%         3    ####...
 Vampiric Draining        Necr           #.........   99%         3    ####...
 Summon Ice Beast         Ice/Summ       #.......     100%        4    #####..
 Summon Lightning Spire   Summ/Air       #.......     100%        4    #####..


Dungeon Overview and Level Annotations

Branches:
Dungeon (5/15)
 Temple: D:4-7

Altars:
Dithmenos
Elyvilon
Hepliaklqana
Kikubaaqudgha
Makhleb
Ru
Trog
Wu Jian
Xom

Shops:
D:4 =

Annotations:
D:5 Ratty's ghost, novice DENe


Innate Abilities, Weirdness & Mutations

You are mostly covered in icy blue scales. (AC +3)
You are mostly covered in sharp spines.


Message History

Ouch! That really hurt!
* * * LOW HITPOINT WARNING * * *
It was a potion of heal wounds.
You feel much better.
The large abomination hits you but does no damage.
The small abomination hits you!
A tyrant leech comes into view.
The tyrant leech bites you!
* * * LOW HITPOINT WARNING * * *
The tyrant leech draws strength from your injuries!
A small abomination comes into view.
Found a scroll of remove curse and 3 stones.
The small abomination barely misses you.
You enter the shallow water.
Moving in this stuff is going to be slow.
The large abomination hits you but does no damage.
The large abomination is struck by your spines.
The large abomination hits you!!
Ouch! That really hurt!
You die...
Kikubaaqudgha rasps: "You have failed me!
Welcome... death!"

#... ... . .
#..# .. #(
(.. .# #(#
..#.. .?.
...#
#.####≈≈.#
##.#x@≈#≈#..
##
#.#.X#≈≈.≈##
..
.#x#w≈≈#.≈.#
#...#.≈#.###
#.#.#..≈≈≈#
.....#..≈≈≈#
# ..#..
#.X.≈≈## # #
#. ..#..
#..#.#≈#.# .
. % ##
#X###.....
......


You could see a tyrant leech, a large abomination and 2 small abominations.

Vanquished Creatures
  The ghost of Flugslaktarn the Chopper, an amateur MiFi of Makhleb (D:4)
  An ogre (D:4)
  A centaur (D:5)
  2 scorpions (D:4)
  A howler monkey (D:4)
  A quasit (Abyss:1)
  A bullfrog zombie (D:4)
  A centaur skeleton (D:4)
  2 orc wizards (D:4)
  3 worker ants
  4 adders
  2 worms
  2 dart slugs
  3 leopard geckos
  5 orcs
  3 ball pythons
  5 giant cockroaches
  14 goblins
  3 hobgoblins
  11 jackals
  6 bats
  7 frilled lizards
  A jackal skeleton (D:4)
  6 kobolds
  11 rats
97 creatures vanquished.

Notes
Turn   | Place    | Note
-------+----------+-------------------------------------------
     0 | D:1      | theswoord the Demonspawn Gladiator began the quest for the
                  | Orb.
     0 | D:1      | Reached XP level 1. HP: 16/16 MP: 1/1
    22 | D:1      | Reached skill level 3 in Staves
    90 | D:1      | Gained mutation: You are partially covered in icy blue
                  | scales. (AC +2) [demonic ancestry]
    90 | D:1      | Reached XP level 2. HP: 21/22 MP: 2/2
   532 | D:1      | Reached XP level 3. HP: 26/27 MP: 3/3
   824 | D:2      | Reached skill level 4 in Staves
  1105 | D:2      | Found a hazy altar of Hepliaklqana.
  1105 | D:2      | Found a bloodstained altar of Trog.
  1350 | D:2      | Gained mutation: You are mostly covered in icy blue scales.
                  | (AC +3) [demonic ancestry]
  1350 | D:2      | Reached XP level 4. HP: 29/33 MP: 4/4
  1479 | D:2      | Found a white marble altar of Elyvilon.
  1487 | D:2      | Found a sacrificial altar of Ru.
  1488 | D:2      | Found a burning altar of Makhleb.
  1490 | D:2      | Found an ornate altar of the Wu Jian Council.
  1491 | D:2      | Found a shimmering altar of Xom.
  1493 | D:2      | Found a shadowy altar of Dithmenos.
  1494 | D:2      | Found an ancient bone altar of Kikubaaqudgha.
  1642 | D:2      | Became a worshipper of Kikubaaqudgha
  2316 | D:3      | Reached skill level 5 in Staves
  2501 | D:3      | Reached * piety under Kikubaaqudgha
  2501 | D:3      | Identified Kikubaaqudgha's Papyrus of Necromancy
                  | (Kikubaaqudgha gifted it to you on level 3 of the Dungeon)
  2501 | D:3      | Received a gift from Kikubaaqudgha
  2765 | D:3      | Reached XP level 5. HP: 38/38 MP: 5/5
  2771 | D:3      | Learned a level 1 spell: Pain
  3095 | D:4      | Noticed an ogre
  3108 | D:4      | Killed an ogre
  3108 | D:4      | Reached skill level 6 in Staves
  3108 | D:4      | Gained mutation: You are partially covered in sharp spines.
                  | [demonic ancestry]
  3108 | D:4      | Reached XP level 6. HP: 15/44 MP: 6/6
  3318 | D:4      | Found Voxer's Jewellery Emporium.
  3365 | D:4      | Reached skill level 7 in Staves
  3735 | D:4      | Found a shadowy altar of Dithmenos.
  3832 | D:4      | Found a runed translucent gate.
  3832 | D:4      | Found a runed translucent gate.
  3833 | D:4      | Found a runed translucent gate.
  3833 | D:4      | Noticed Flugslaktarn's ghost (amateur MiFi)
  3973 | D:4      | Killed Flugslaktarn's ghost
  3973 | D:4      | Gained mutation: You are mostly covered in sharp spines.
                  | [demonic ancestry]
  3973 | D:4      | Reached XP level 7. HP: 50/50 MP: 7/7
  4076 | D:5      | Entered Level 5 of the Dungeon
  4080 | D:5      | Reached skill level 8 in Staves
  4093 | D:5      | Found a runed translucent gate.
  4095 | D:5      | Found a runed translucent gate.
  4097 | D:5      | Found a runed translucent gate.
  4097 | D:5      | Noticed Ratty's ghost (novice DENe)
  4102 | D:5      | Cast into level 1 of the Abyss (Ratty's ghost)
  4168 | Abyss:1  | Noticed a chaos spawn
  4168 | Abyss:1  | Noticed an orange demon
  4169 | Abyss:1  | Noticed a bone dragon
  4253 | Abyss:1  | Noticed a large abomination
  4265 | Abyss:1  | Noticed a large abomination
  4304 | Abyss:1  | Noticed a tyrant leech
  4306 | Abyss:1  | Noticed a small abomination
  4310 | Abyss:1  | Mangled by a large abomination

Skill      XL: |  1  2  3  4  5  6  7 |
---------------+----------------------+-----
Staves         | 3 4 5 6 7 8 |  8.3
Fighting       | |  2.0
Throwing       | |  1.7
Dodging        | |  2.6

Action                   |  1- 3 |  4- 6 |  7- 9 || total
-------------------------+-------+-------+-------++-------
Melee: Quarterstaff      |   122 |   182 |    14 ||   318
Throw: Dart              |     3 |    13 |       ||    16
 Abil: Evoke Berserk Rag |       |     1 |       ||     1
  Use: Potion            |     2 |     1 |     1 ||     4
       Scroll            |       |     9 |     2 ||    11
  Eat: Chunk             |     2 |     7 |       ||     9
       Ration            |       |       |     1 ||     1
Armor: Leather armour    |    26 |       |       ||    26
       Scale mail        |    53 |    87 |    22 ||   162
Dodge: Dodged            |    91 |    80 |     9 ||   180

Levels and vault maps discovered:
D:1:      dpeg_arrival_shrine, layout_basic
D:2:      layout_loops_corners, gammafunk_temple_overflow_wave, minitemple,
          corexii_corridor_pit
D:3:      minmay_spotlight, layout_loops_ring, first_ration,
          hangedman_feature_mirror, minmay_splitting_lines
D:4:      layout_rooms, serial_shops, nicolae_shop_statue_plus,
          gammafunk_ghost_necromancy, grunt_dithmenos_smoke_and_mirrors
D:5:      layout_rooms, nicolae_overflow_hidden_temple,
          ebering_ghost_rock_garden
Abyss:1:  base: D:1, hangedman_stitches_earthworm
